 Dungeon Crawl Stone Soup version 0.29.0-4-gdea44cf6ec (webtiles) character file.

Game seed: 7338318928076004521

162551 qw the Warrior (level 17, -5/171 HPs)
             Began as a Minotaur Berserker on Sept 6, 2022.
             Was an Elder of Trog.
             Killed from afar by Nikola (28 damage)
             ... with an arc of chain lightning
             ... on level 2 of the Shoals.
             The game lasted 00:11:43 (34237 turns).

qw the Warrior (Minotaur Berserker)                Turns: 34237, Time: 00:11:43

Health: -5/171     AC: 33    Str: 36    XL:     17   Next: 22%
Magic:  16/16      EV: 12    Int: 12    God:    Trog [****..]
Gold:   1014       SH: 15    Dex:  8    Spells: 16/16 levels left

rFire   . . .      SeeInvis .   a - +7 broad axe of Uciremp {vorpal, rElec Str+3 Stlth-}
rCold   + . .      Faith    .   c - +2 kite shield {reflect}
rNeg    . . .      Spirit   .   v - +8 scale mail "Bestral" {Contam Int+2 Slay+5 Stlth+}
rPois   .          Reflect  +   t - +2 hat
rElec   +          Harm     .   g - +2 cloak
rCorr   .          Rampage  .   r - +2 pair of gloves
Will    +++..                   q - +1 pair of boots
Stlth   ..........              o - amulet of the acrobat
HPRegen 1.38/turn               z - ring "Huduq" {rC+ Str+5 Int+6 Dex-4}
MPRegen 0.15/turn               p - +4 ring of protection

@: marked, strong-willed, on berserk cooldown, mesmerised, regenerating, slowed,
very slow
A: horns 2, retaliatory headbutt
a: Renounce Religion, Berserk, Trog's Hand, Brothers in Arms


You were on level 2 of the Shoals.
You worshipped Trog.
Trog was greatly pleased with you.
You visited 5 branches of the dungeon, and saw 27 of its levels.

You collected 2761 gold pieces.
You spent 1747 gold pieces at shops.


Innate Abilities, Weirdness & Mutations

You have a pair of horns on your head.
You reflexively headbutt those who attack you in melee.


   Skills:
 - Level 20.3 Fighting
 - Level 18.0 Axes
 + Level 9.9 Throwing
 - Level 13.0 Armour
 - Level 10.0 Dodging
 - Level 17.9 Shields


You had 16 spell levels left.
You didn't know any spells.
Your spell library was empty.

Inventory:

Hand Weapons
 a - the +7 broad axe of Uciremp (weapon) {vorpal, rElec Str+3 Stlth-}
   (Trog gifted it to you on level 12 of the Dungeon)

   It inflicts extra damage upon your enemies.
   Str:       It affects your strength (+3).
   rElec:     It insulates you from electricity.
   Stlth:     It makes you less stealthy.
 w - the +6 broad axe of Discomfort {flame, Int+3 Dex+3}
   (You bought it in a shop on level 1 of the Snake Pit)

   It burns those it strikes, dealing additional fire damage.
   Big, fiery blades are also staple armaments of hydra-hunters.
   Int:       It affects your intelligence (+3).
   Dex:       It affects your dexterity (+3).
Missiles
 b - 9 boomerangs
 m - a javelin (quivered)
Armour
 c - a +2 kite shield of reflection (worn)
 g - a +2 cloak (worn)
 q - a +1 pair of boots (worn)
 r - a +2 pair of gloves (worn)
 t - a +2 hat (worn)
 v - the +8 scale mail "Bestral" (worn) {Contam Int+2 Slay+5 Stlth+}
   (You found it on level 9 of the Dungeon)

   Int:       It affects your intelligence (+2).
   Slay:      It affects your accuracy & damage with ranged weapons and melee
   (+5).
   Contam:    It causes magical contamination when unequipped.
   Stlth:     It makes you more stealthy.
 y - +0 fire dragon scales
Jewellery
 o - an amulet of the acrobat (around neck)
 p - a +4 ring of protection (right hand)
 z - the ring "Huduq" (left hand) {rC+ Str+5 Int+6 Dex-4}
   (You acquired it on level 3 of the Snake Pit)

   [ring of intelligence]

   Str:       It affects your strength (+5).
   Int:       It affects your intelligence (+6).
   Dex:       It affects your dexterity (-4).
   rC:        It protects you from cold.
 Y - a +6 ring of strength
Scrolls
 h - 2 scrolls of brand weapon
 i - 4 scrolls of identify
 l - 3 scrolls of enchant weapon
 n - 9 scrolls of teleportation
Potions
 d - 7 potions of resistance
 e - a potion of haste
 f - a potion of heal wounds
 j - 4 potions of might
 k - 4 potions of mutation
 u - 5 potions of curing

Dungeon Overview and Level Annotations

Branches:
Dungeon (15/15)            Temple (0/1) D:6            Lair (5/5) D:11
 Shoals (2/4) Lair:2        Snake (3/4) Lair:3        Slime (0/5) Lair:5
    Orc (2/2) D:12            Elf (0/3) Orc:2        Vaults (0/5) D:13
 Depths (0/4) D:15

Altars:
Ashenzari
Fedhas
Hepliaklqana
Kikubaaqudgha
Makhleb
Okawaru
Qazlal
Trog
Uskayaw
Yredelemnul
Zin

Shops:
D:13 [   D:14 (   Orc:1 (   Orc:2 (?[:   Snake:1 (   Snake:3 :(

Annotations:
D:5 2 transporters
D:7 3 runed translucent doors, qw's ghost, novice MiFi
D:13 3 runed translucent doors, Liimbo's ghost, journeyman FoWn
Lair:1 2 transporters, qw's ghost, novice TeWr
Shoals:2 Nikola


Message History

The silver javelin pierces through the water elemental!
You block the merfolk's attack.
The merfolk avatar chants its luring song.
34236 ||| DRINKING 3 potions of heal wounds.
You feel much better.
You are engulfed in a cloud of scalding steam.
Your lungs strain for air!
The centaur warrior hits you but does no damage.
The centaur warrior kicks you but does no damage.
The merfolk aquamancer is engulfed in a cloud of scalding steam.
The merfolk aquamancer gestures at you while chanting.
The shard of ice hits you!! You partially resist.
The centaur warrior hits you but does no damage.
The centaur warrior barely misses you.
The manticore zombie bites you but does no damage.
The manticore zombie claws you but does no damage. x2
The water elemental hits the plant.
The water elemental closely misses you. You block the sea snake's attack.
The merfolk avatar chants its luring song.
You block the merfolk's attack. x2
A water elemental comes into view.
The merfolk aquamancer is engulfed in a cloud of scalding steam.
You block the merfolk aquamancer's attack.
34237 ||| DRINKING 2 potions of heal wounds.
You feel much better.
Your lungs strain for air!
The centaur warrior closely misses you.
The centaur warrior kicks you but does no damage.
The sea snake bites you but does no damage.
The water elemental hits the plant!
Nikola mumbles some strange words.
Lightning arcs from Nikola's hands!
The bolt of lightning hits the merfolk avatar!!
The bolt of lightning hits the manticore zombie!!
The bolt of lightning hits the water elemental!!
The water elemental resists.
The water elemental is destroyed!
You gasp with relief as air once again reaches your lungs.
The bolt of lightning hits you!! You resist.
You die...

~~~~~PPP.........#
~~~~~...S##......###
~~~~P..Em###........
~E~~~Pt##~~~%......~
P~P~~..P##~~##.....~
~~~~~~....)~.#......
.~~~~~EmmE)%........
..~~~~Pcmm.~...#...#
.~~~~~~@S.....######
~~~~~~~Z~..~....#
..~~.¤~~~~~~~....
..~~¤.m~~~~~~~....
..¤~~~~~~~~~~~~...
.~~~..~~~~~~~~~~.
~..~..@~~~~~~~~
..~.~~~~~~~~.~~


You could see Nikola, a merfolk avatar (mesmerising), a merfolk javelineer, a
sea snake, a merfolk aquamancer, a snapping turtle, 2 merfolk, a centaur
warrior, 3 water elementals and a manticore zombie.

Vanquished Creatures
  Jorgrun (Shoals:1)
  A sphinx (D:14)
  Agnes (D:14)
  Donald (Snake:3)
  A fire giant (D:14)
  Aizul (Snake:2)
  A fire dragon (D:15)
  Josephine (Shoals:1)
  A yaktaur captain (D:14)
  Erolcha (Orc:1)
  2 merfolk impalers (Shoals:1)
  3 hydras
  4 catoblepae
  A salamander tyrant (Snake:3)
  An ice dragon (D:15)
  A vault guard (D:13)
  Fannar (D:11)
  6 boulder beetles
  An ogre mage (D:15)
  3 anacondas
  3 naga warriors
  8 centaur warriors
  3 death yaks (Lair:5)
  8 two-headed ogres
  A death knight (D:13)
  3 merfolk aquamancers (Shoals:1)
  Erica (D:9)
  A tengu warrior (D:14)
  3 orc high priests (Orc:2)
  3 naga sharpshooters
  5 shock serpents
  2 skeletal warriors
  A salamander mystic (Snake:3)
  10 sea snakes (Shoals:1)
  2 naga ritualists
  4 orc knights
  Pikel (D:5)
  9 mana vipers
  3 deep elf pyromancers
  2 wizards (D:14)
  A phantasmal warrior (D:13)
  A lindwurm (Lair:4)
  10 ugly things
  A wolf spider (Lair:5)
  11 harpies
  A faun (Shoals:1)
  4 orc sorcerers
  9 salamanders
  A salamander (shapeshifter) (D:13)
  4 cyclopes
  A manticore (Shoals:1)
  4 guardian serpents
  5 elephants (Lair:4)
  11 naga magi
  3 water nymphs (Shoals:1)
  A torpor snail (Lair:3)
  28 black mambas
  A cane toad (shapeshifter) (D:15)
  An unseen horror (D:11)
  19 cane toads
  5 rime drakes
  Maggie (D:7)
  2 kobold demonologists
  10 komodo dragons
  2 tengu conjurers
  A queen bee (Lair:2)
  2 freezing wraiths
  10 polar bears (Lair:5)
  7 merfolk
  3 harpy zombies (Shoals:2)
  2 wind drakes
  5 hornets
  Grinder (D:3)
  5 trolls
  20 blink frogs
  4 snapping turtles
  2 raiju (Lair:5)
  19 dream sheep
  16 slime creatures
  Sigmund (D:4)
  A centaur simulacrum (D:12)
  A spriggan (D:12)
  2 shadows
  Eustachio (D:4)
  8 wraiths
  2 vampires
  5 basilisks
  13 wyverns
  35 yaks
  6 vampire mosquitoes
  Grum (D:11)
  2 steam dragons
  3 redbacks (Lair:5)
  8 wargs
  20 nagas
  40 water moccasins
  Duvessa (D:4)
  13 hell hounds (Lair:5)
  23 orc warriors
  5 ogres
  2 ice beasts
  15 black bears
  21 centaurs
  17 wolves
  2 phantoms
  2 kobold brigands
  A necrophage (D:7)
  14 bullfrogs
  5 scorpions
  3 gnoll sergeants
  5 wights (D:10)
  Dowan (D:4)
  28 killer bees
  5 howler monkeys (D:9)
  2 electric eels
  6 hounds
  6 jellies
  21 orc priests
  A gnoll bouda (D:6)
  3 iguanas
  30 orc wizards
  25 gnolls
  14 adders
  2 shadow imps
  4 white imps
  3 ufetubi
  3 worms
  2 dart slugs
  79 orcs
  4 ball pythons
  10 endoplasms
  2 giant cockroaches
  4 goblins
  7 hobgoblins
  5 jackals
  2 quokkas
  6 bats
  4 frilled lizards
  16 kobolds
  6 rats
919 creatures vanquished.

Vanquished Creatures (collateral kills)
  Nessos (D:12)
  3 hydras
  2 orc knights (Orc:2)
  An orc sorcerer (Orc:2)
  A merfolk siren (Shoals:1)
  A blink frog (Lair:2)
  An orc warrior (Orc:2)
  4 wolves (Lair:4)
  An orc priest (Orc:2)
  An orc (D:12)
16 creatures vanquished.

Vanquished Creatures (others)
  A water elemental (Shoals:2)
  32 fungi
  101 plants
134 creatures vanquished.

Grand Total: 1069 creatures vanquished

Notes
Turn   | Place    | Note
-------+----------+-------------------------------------------
     0 | D:1      | qw the Minotaur Berserker began the quest for the Orb.
     0 | D:1      | Reached XP level 1. HP: 19/19 MP: 0/0
     0 | D:1      | 0 ||| qw: Version: 0.1-a-108-g9e35731
     0 | D:1      | 0 ||| qw: Game counter: 6357
     0 | D:1      | 0 ||| qw: Always use a shield: true
     0 | D:1      | 0 ||| qw: Do Orc after D:15 true
     0 | D:1      | 0 ||| qw: Do second Lair branch before Depths: true
     0 | D:1      | 0 ||| qw: Lair rune preference: random
     0 | D:1      | 0 ||| qw: Plans: Normal
     0 | D:1      | 0 ||| PLANNING D:1-11
   110 | D:1      | 110 ||| INVOKING Berserk.
   113 | D:1      | Reached XP level 2. HP: 26/26 MP: 1/1
   227 | D:1      | 227 ||| Stepping ~*~*~tactically~*~*~ (stealth).
   228 | D:1      | 228 ||| Stepping ~*~*~tactically~*~*~ (stealth).
   540 | D:1      | 540 ||| Stepping ~*~*~tactically~*~*~ (stealth).
   612 | D:1      | Reached XP level 3. HP: 29/31 MP: 2/2
   954 | D:1      | 954 ||| UPGRADING to +0 leather armour.
   964 | D:1      | 964 ||| DROPPING +0 animal skin.
   965 | D:1      | 965 ||| UPGRADING to +2 cloak.
   970 | D:1      | 970 ||| UPGRADING to +0 scale mail.
   980 | D:1      | 980 ||| DROPPING +0 leather armour.
   981 | D:1      | 981 ||| DROPPING scarf of repulsion.
   982 | D:1      | 982 ||| DROPPING ring of magical power.
   983 | D:1      | 983 ||| READING scroll labelled YLIEWO YZEMISU.
   984 | D:1      | 984 ||| READING scroll labelled TIFOF MIMUODOI.
   985 | D:1      | 985 ||| READING 2 scrolls labelled CAEMAJUOSO.
   986 | D:1      | 986 ||| READING scroll labelled BOGUOB VAOR.
  1036 | D:2      | 1036 ||| Stepping ~*~*~tactically~*~*~ (stealth).
  1048 | D:2      | 1048 ||| Stepping ~*~*~tactically~*~*~ (stealth).
  1203 | D:2      | Reached ** piety under Trog
  1233 | D:2      | 1233 ||| READING scroll of enchant weapon.
  1233 | D:2      | 1233 ||| ENCHANTING +1 hand axe.
  1249 | D:2      | 1249 ||| DROPPING +0 club.
  1288 | D:2      | 1288 ||| INVOKING Berserk.
  1305 | D:2      | 1305 ||| Stepping ~*~*~tactically~*~*~ (stealth).
  1307 | D:2      | 1307 ||| Stepping ~*~*~tactically~*~*~ (stealth).
  1347 | D:2      | Reached XP level 4. HP: 39/39 MP: 3/3
  1353 | D:2      | 1353 ||| Stepping ~*~*~tactically~*~*~ (stealth).
  1354 | D:2      | 1354 ||| Stepping ~*~*~tactically~*~*~ (stealth).
  1359 | D:2      | 1359 ||| INVOKING Berserk.
  1363 | D:2      | Reached skill level 6 in Axes
  1656 | D:2      | 1656 ||| DROPPING +0 whip.
  1724 | D:2      | 1724 ||| DROPPING amulet of magic regeneration.
  1725 | D:2      | 1725 ||| READING scroll labelled DODYTH FOORUODGH.
  1760 | D:3      | 1760 ||| Stepping ~*~*~tactically~*~*~ (hiding).
  1762 | D:3      | 1762 ||| INVOKING Berserk.
  1767 | D:3      | Reached XP level 5. HP: 45/45 MP: 4/4
  1829 | D:3      | 1829 ||| SWAPPING to +0 war axe.
  1830 | D:3      | 1830 ||| DROPPING +2 hand axe.
  1882 | D:3      | Noticed Grinder
  1883 | D:3      | 1883 ||| INVOKING Trog's Hand.
  1885 | D:3      | 1885 ||| INVOKING Berserk.
  1893 | D:3      | Killed Grinder
  1894 | D:3      | Reached skill level 6 in Fighting
  1894 | D:3      | Reached XP level 6. HP: 57/57 MP: 5/5
  2516 | D:3      | 2516 ||| UPGRADING to +0 chain mail.
  2526 | D:3      | 2526 ||| UPGRADING to +0 plate armour.
  2536 | D:3      | 2536 ||| DROPPING +0 chain mail.
  2537 | D:3      | 2537 ||| DROPPING +0 scale mail.
  2538 | D:3      | 2538 ||| READING scroll labelled NIMAYSCH QEFA.
  2551 | D:4      | 2551 ||| INVOKING Berserk.
  2559 | D:4      | Reached skill level 3 in Armour
  2694 | D:4      | Noticed Sigmund
  2705 | D:4      | 2705 ||| INVOKING Berserk.
  2718 | D:4      | Killed Sigmund
  2719 | D:4      | Reached XP level 7. HP: 63/63 MP: 6/6
  2792 | D:4      | 2792 ||| Stepping randomly (stuck).
  2793 | D:4      | 2793 ||| Stepping randomly (stuck).
  2794 | D:4      | 2794 ||| Stepping randomly (stuck).
  2849 | D:4      | Found an ancient bone altar of Kikubaaqudgha.
  2855 | D:4      | Noticed Eustachio
  2856 | D:4      | 2856 ||| Stepping ~*~*~tactically~*~*~ (hiding).
  2857 | D:4      | 2857 ||| Stepping ~*~*~tactically~*~*~ (hiding).
  2862 | D:4      | 2862 ||| INVOKING Berserk.
  2873 | D:4      | Killed Eustachio
  2874 | D:4      | Reached skill level 9 in Axes
  2875 | D:4      | Noticed Duvessa
  2879 | D:4      | Noticed Dowan
  2883 | D:4      | Killed Duvessa
  2891 | D:4      | HP: 15/63 [Dowan/stone arrow (4)]
  2896 | D:4      | 2896 ||| Stepping ~*~*~tactically~*~*~ (hiding).
  2899 | D:4      | 2899 ||| INVOKING Berserk.
  2901 | D:4      | Killed Dowan
  2902 | D:4      | Reached XP level 8. HP: 25/70 MP: 7/7
  3239 | D:4      | 3239 ||| Stepping ~*~*~tactically~*~*~ (hiding).
  3240 | D:4      | 3240 ||| Stepping ~*~*~tactically~*~*~ (hiding).
  3250 | D:4      | 3250 ||| INVOKING Berserk.
  3254 | D:4      | Reached skill level 1 in Throwing
  3334 | D:4      | 3334 ||| FLEEEEING.
  3543 | D:4      | 3543 ||| Stepping ~*~*~tactically~*~*~ (stealth).
  3709 | D:4      | 3709 ||| READING 3 scrolls of identify.
  3709 | D:4      | 3709 ||| IDENTIFYING red potion
  3710 | D:4      | 3710 ||| READING 2 scrolls of identify.
  3710 | D:4      | 3710 ||| IDENTIFYING orange potion
  3711 | D:4      | 3711 ||| DROPPING potion of berserk rage.
  3736 | D:5      | Entered Level 5 of the Dungeon
  3852 | D:5      | 3852 ||| Stepping ~*~*~tactically~*~*~ (stealth).
  3854 | D:5      | 3854 ||| Stepping ~*~*~tactically~*~*~ (stealth).
  3857 | D:5      | 3857 ||| Stepping ~*~*~tactically~*~*~ (hiding).
  3860 | D:5      | 3860 ||| INVOKING Berserk.
  4025 | D:5      | Reached *** piety under Trog
  4042 | D:5      | Found a basalt altar of Yredelemnul.
  4042 | D:5      | Found a stormy altar of Qazlal.
  4043 | D:5      | Found a blossoming altar of Fedhas.
  4044 | D:5      | Found a transporter.
  4214 | D:5      | Noticed Pikel
  4215 | D:5      | 4215 ||| Stepping ~*~*~tactically~*~*~ (stealth).
  4219 | D:5      | 4219 ||| INVOKING Berserk.
  4225 | D:5      | Killed Pikel
  4226 | D:5      | Reached skill level 12 in Axes
  4226 | D:5      | Reached XP level 9. HP: 75/75 MP: 8/8
  4438 | D:5      | Found a transporter.
  4670 | D:5      | Found a broken altar of Ashenzari.
  4680 | D:5      | Reached skill level 7 in Fighting
  4680 | D:5      | 4680 ||| READING scroll labelled LYOTUO ZUMO.
  4902 | D:6      | 4902 ||| Stepping ~*~*~tactically~*~*~ (stealth).
  4913 | D:6      | 4913 ||| Stepping ~*~*~tactically~*~*~ (hiding).
  4919 | D:6      | 4919 ||| INVOKING Berserk.
  5076 | D:6      | Reached skill level 6 in Armour
  5105 | D:6      | 5105 ||| INVOKING Berserk.
  5226 | D:6      | 5226 ||| DROPPING +0 flail.
  5285 | D:6      | Found a staircase to the Ecumenical Temple.
  5601 | D:6      | 5601 ||| INVOKING Berserk.
  5754 | D:6      | Found a bloodstained altar of Trog.
  5772 | D:6      | 5772 ||| DROPPING scarf of harm.
  5773 | D:6      | 5773 ||| READING scroll labelled MEIBIJ JUIL.
  5874 | D:6      | 5874 ||| READING 2 scrolls labelled VUFFOI DANTEGAELI.
  5875 | D:6      | 5875 ||| READING scroll labelled LOTEDUZUQU.
  5876 | D:6      | 5876 ||| DROPPING scroll of fear.
  5904 | D:7      | 5904 ||| STAIRDANCE
  5911 | D:7      | Noticed Maggie
  5912 | D:7      | 5912 ||| STAIRDANCE
  5998 | D:7      | 5998 ||| STAIRDANCE
  6000 | D:6      | 6000 ||| INVOKING Berserk.
  6139 | D:7      | 6139 ||| STAIRDANCE
  6143 | D:6      | Reached skill level 8 in Fighting
  6176 | D:7      | 6176 ||| Stepping ~*~*~tactically~*~*~ (hiding).
  6178 | D:7      | 6178 ||| INVOKING Berserk.
  6204 | D:7      | Killed Maggie
  6272 | D:7      | 6272 ||| FLEEEEING.
  6273 | D:7      | 6273 ||| STAIRDANCE
  6450 | D:7      | 6450 ||| INVOKING Berserk.
  6635 | D:7      | Found a runed translucent gate.
  6636 | D:7      | Found a runed translucent gate.
  6637 | D:7      | Found a runed translucent gate.
  6639 | D:7      | Noticed qw's ghost (novice MiFi)
  6641 | D:7      | Noticed a kobold demonologist
  6718 | D:7      | 6718 ||| Stepping ~*~*~tactically~*~*~ (stealth).
  6909 | D:7      | 6909 ||| Stepping ~*~*~tactically~*~*~ (hiding).
  6911 | D:7      | 6911 ||| Stepping ~*~*~tactically~*~*~ (hiding).
  7007 | D:7      | 7007 ||| Stepping ~*~*~tactically~*~*~ (stealth).
  7009 | D:7      | 7009 ||| Stepping ~*~*~tactically~*~*~ (stealth).
  7012 | D:7      | 7012 ||| Stepping ~*~*~tactically~*~*~ (stealth).
  7015 | D:7      | 7015 ||| Stepping ~*~*~tactically~*~*~ (stealth).
  7016 | D:7      | 7016 ||| Stepping ~*~*~tactically~*~*~ (stealth).
  7017 | D:7      | 7017 ||| Stepping ~*~*~tactically~*~*~ (stealth).
  7030 | D:7      | 7030 ||| INVOKING Berserk.
  7032 | D:7      | Reached skill level 3 in Dodging
  7032 | D:7      | Reached XP level 10. HP: 48/88 MP: 9/9
  7067 | D:7      | 7067 ||| Stepping ~*~*~tactically~*~*~ (stealth).
  7202 | D:7      | 7202 ||| Stepping ~*~*~tactically~*~*~ (cloud).
  7205 | D:7      | 7205 ||| INVOKING Berserk.
  7444 | D:7      | 7444 ||| INVOKING Berserk.
  7710 | D:7      | 7710 ||| INVOKING Berserk.
  7719 | D:7      | Reached skill level 15 in Axes
  7855 | D:7      | Reached **** piety under Trog
  7879 | D:7      | 7879 ||| INVOKING Berserk.
  7999 | D:7      | 7999 ||| INVOKING Berserk.
  8009 | D:7      | Reached skill level 9 in Fighting
  8157 | D:7      | 8157 ||| READING scroll labelled EPYEKHL TYGYCO.
  8158 | D:7      | 8158 ||| DRINKING 2 purple potions.
  8208 | D:7      | 8208 ||| DRINKING 2 ruby potions.
  8209 | D:7      | 8209 ||| READING 3 scrolls of identify.
  8209 | D:7      | 8209 ||| IDENTIFYING black potion
  8210 | D:7      | 8210 ||| READING 2 scrolls of identify.
  8210 | D:7      | 8210 ||| IDENTIFYING coppery potion
  8211 | D:7      | 8211 ||| DROPPING potion of lignification.
  8237 | D:8      | 8237 ||| Stepping ~*~*~tactically~*~*~ (hiding).
  8411 | D:8      | 8411 ||| DRINKING 3 potions of curing.
  8411 | D:8      | 8411 ||| (to cure confusion)
  8419 | D:8      | 8419 ||| DRINKING 2 potions of curing.
  8419 | D:8      | 8419 ||| (to cure confusion)
  8507 | D:8      | 8507 ||| Stepping ~*~*~tactically~*~*~ (stealth).
  8508 | D:8      | 8508 ||| Stepping ~*~*~tactically~*~*~ (stealth).
  8512 | D:8      | 8512 ||| Stepping ~*~*~tactically~*~*~ (stealth).
  8555 | D:8      | Identified the +9 war axe of the Hidden Vale {vorpal, Int+3
                  | SInv}
  8557 | D:8      | 8557 ||| SWAPPING to +9 war axe of the Hidden Vale {vorpal,
                  | Int+3 SInv}.
  8558 | D:8      | 8558 ||| DROPPING +0 war axe.
  8560 | D:8      | 8560 ||| Stepping ~*~*~tactically~*~*~ (stealth).
  8698 | D:8      | 8698 ||| DRINKING potion of curing.
  8698 | D:8      | 8698 ||| (to cure confusion)
  8731 | D:8      | 8731 ||| Stepping ~*~*~tactically~*~*~ (stealth).
  8733 | D:8      | 8733 ||| Stepping ~*~*~tactically~*~*~ (hiding).
  8904 | D:8      | 8904 ||| UPGRADING to +6 ring of strength.
  8905 | D:8      | 8905 ||| DRINKING 2 smoky coppery potions.
  8906 | D:8      | 8906 ||| DROPPING potion of brilliance.
  8936 | D:9      | 8936 ||| Stepping ~*~*~tactically~*~*~ (stealth).
  9081 | D:9      | 9081 ||| Stepping ~*~*~tactically~*~*~ (hiding).
  9096 | D:9      | 9096 ||| Stepping ~*~*~tactically~*~*~ (hiding).
  9101 | D:9      | 9101 ||| INVOKING Berserk.
  9388 | D:9      | Noticed a two-headed ogre
  9393 | D:9      | 9393 ||| INVOKING Berserk.
  9395 | D:9      | Killed a two-headed ogre
  9598 | D:9      | Noticed Erica
  9600 | D:9      | 9600 ||| INVOKING Berserk.
  9605 | D:9      | Killed Erica
  9606 | D:9      | Reached XP level 11. HP: 99/99 MP: 10/10
  9677 | D:9      | Reached skill level 10 in Fighting
  9917 | D:9      | Identified the +8 scale mail "Bestral" {Contam Int+2 Slay+5
                  | Stlth+}
  9919 | D:9      | 9919 ||| UPGRADING to +0 pair of gloves.
  9924 | D:9      | 9924 ||| UPGRADING to +0 kite shield.
  9929 | D:9      | 9929 ||| UPGRADING to +2 hat.
  9934 | D:9      | 9934 ||| UPGRADING to +8 scale mail "Bestral" {Contam Int+2
                  | Slay+5 Stlth+}.
  9944 | D:9      | 9944 ||| DROPPING +0 plate armour.
  9945 | D:9      | 9945 ||| READING scroll labelled URIVVE JEATAI.
  9946 | D:9      | 9946 ||| READING scroll labelled ZAPLIHOOXIR.
  9982 | D:10     | Entered Level 10 of the Dungeon
 10013 | D:10     | Reached skill level 1 in Shields
 10030 | D:10     | Reached skill level 3 in Shields
 10153 | D:10     | Reached ***** piety under Trog
 10197 | D:10     | 10197 ||| INVOKING Berserk.
 10309 | D:10     | Found a burning altar of Makhleb.
 10346 | D:10     | 10346 ||| Stepping ~*~*~tactically~*~*~ (water).
 10380 | D:10     | 10380 ||| FLEEEEING.
 10385 | D:10     | 10385 ||| INVOKING Berserk.
 10530 | D:10     | Found a glowing silver altar of Zin.
 10686 | D:11     | 10686 ||| INVOKING Berserk.
 10689 | D:11     | Reached skill level 6 in Shields
 10813 | D:11     | Noticed Fannar
 10821 | D:11     | Killed Fannar
 10835 | D:11     | 10835 ||| Stepping ~*~*~tactically~*~*~ (hiding).
 10846 | D:11     | 10846 ||| INVOKING Berserk.
 11026 | D:11     | Noticed Grum
 11027 | D:11     | 11027 ||| Stepping ~*~*~tactically~*~*~ (stealth).
 11031 | D:11     | 11031 ||| Stepping ~*~*~tactically~*~*~ (hiding).
 11032 | D:11     | 11032 ||| FLEEEEING.
 11033 | D:11     | 11033 ||| Stepping ~*~*~tactically~*~*~ (hiding).
 11034 | D:11     | 11034 ||| DRINKING potion of cancellation.
 11035 | D:11     | 11035 ||| INVOKING Berserk.
 11039 | D:11     | Killed Grum
 11180 | D:11     | Found a staircase to the Lair.
 11226 | D:11     | 11226 ||| Stepping ~*~*~tactically~*~*~ (hiding).
 11534 | D:11     | 11534 ||| INVOKING Berserk.
 11778 | D:11     | 11778 ||| INVOKING Berserk.
 11881 | D:11     | Noticed a seven-headed hydra
 11882 | D:11     | 11882 ||| Stepping ~*~*~tactically~*~*~ (stealth).
 11883 | D:11     | 11883 ||| Stepping ~*~*~tactically~*~*~ (stealth).
 11885 | D:11     | 11885 ||| INVOKING Brothers in Arms.
 11886 | D:11     | 11886 ||| INVOKING Brothers in Arms.
 11887 | D:11     | 11887 ||| SWAPPING to +3 hand axe of flaming.
 11888 | D:11     | 11888 ||| INVOKING Berserk.
 11891 | D:11     | Killed a five-headed hydra
 11892 | D:11     | Reached skill level 9 in Shields
 11903 | D:11     | 11903 ||| SWAPPING to +9 war axe of the Hidden Vale
                  | {vorpal, Int+3 SInv}.
 12131 | D:11     | 12131 ||| PLANNING LAIR
 12175 | Lair:1   | Entered Level 1 of the Lair of Beasts
 12313 | Lair:1   | 12313 ||| INVOKING Berserk.
 12465 | Lair:1   | Found a transporter.
 12467 | Lair:1   | Noticed qw's ghost (novice TeWr)
 12470 | Lair:1   | Noticed a death yak
 12470 | Lair:1   | Noticed a four-headed hydra
 12471 | Lair:1   | Noticed a seven-headed hydra
 12619 | Lair:1   | Found a transporter.
 12622 | Lair:1   | You fall into a shaft and drop 1 floor!
 12644 | Lair:2   | 12644 ||| INVOKING Berserk.
 12647 | Lair:2   | Reached XP level 12. HP: 106/106 MP: 11/11
 12791 | Lair:2   | 12791 ||| INVOKING Berserk.
 12905 | Lair:2   | 12905 ||| Stepping ~*~*~tactically~*~*~ (stealth).
 12912 | Lair:2   | 12912 ||| INVOKING Berserk.
 13095 | Lair:2   | Reached skill level 11 in Fighting
 13179 | Lair:2   | Noticed a boulder beetle
 13183 | Lair:2   | 13183 ||| INVOKING Berserk.
 13188 | Lair:2   | Killed a boulder beetle
 13374 | Lair:2   | 13374 ||| DRINKING 2 fizzy clear potions.
 13375 | Lair:2   | 13375 ||| READING 2 scrolls of identify.
 13375 | Lair:2   | 13375 ||| IDENTIFYING puce potion
 13376 | Lair:2   | 13376 ||| DROPPING potion of degeneration.
 13472 | Lair:1   | Reached skill level 12 in Shields
 14072 | Lair:2   | 14072 ||| Stepping ~*~*~tactically~*~*~ (stealth).
 14074 | Lair:2   | 14074 ||| INVOKING Berserk.
 14080 | Lair:2   | Reached skill level 12 in Fighting
 14323 | Lair:2   | Noticed a seven-headed hydra
 14324 | Lair:2   | 14324 ||| FLEEEEING.
 14325 | Lair:2   | 14325 ||| INVOKING Brothers in Arms.
 14327 | Lair:2   | 14327 ||| INVOKING Brothers in Arms.
 14328 | Lair:2   | 14328 ||| SWAPPING to +3 hand axe of flaming.
 14329 | Lair:2   | 14329 ||| INVOKING Berserk.
 14330 | Lair:2   | Killed a six-headed hydra
 14331 | Lair:2   | Reached skill level 6 in Dodging
 14415 | Lair:2   | 14415 ||| SWAPPING to +9 war axe of the Hidden Vale
                  | {vorpal, Int+3 SInv}.
 14560 | Lair:2   | Found a staircase to the Shoals.
 14735 | Lair:2   | 14735 ||| INVOKING Berserk.
 15063 | Lair:2   | 15063 ||| READING 2 scrolls of identify.
 15063 | Lair:2   | 15063 ||| IDENTIFYING pink potion
 15064 | Lair:2   | 15064 ||| DROPPING potion of magic.
 15095 | Lair:3   | 15095 ||| STAIRDANCE
 15099 | Lair:3   | 15099 ||| STAIRDANCE
 15103 | Lair:3   | 15103 ||| INVOKING Berserk.
 15110 | Lair:3   | 15110 ||| STAIRDANCE
 15239 | Lair:3   | Noticed a boulder beetle
 15243 | Lair:3   | 15243 ||| INVOKING Berserk.
 15245 | Lair:3   | Killed a boulder beetle
 15304 | Lair:3   | 15304 ||| Stepping ~*~*~tactically~*~*~ (stealth).
 15329 | Lair:3   | 15329 ||| Stepping ~*~*~tactically~*~*~ (stealth).
 15331 | Lair:3   | 15331 ||| Stepping ~*~*~tactically~*~*~ (stealth).
 15336 | Lair:3   | Reached skill level 13 in Fighting
 15356 | Lair:3   | Found a staircase to the Snake Pit.
 15365 | Lair:3   | Reached skill level 3 in Throwing
 15416 | Lair:3   | 15416 ||| Stepping ~*~*~tactically~*~*~ (stealth).
 15423 | Lair:3   | Reached XP level 13. HP: 122/122 MP: 12/12
 15460 | Lair:3   | 15460 ||| Stepping ~*~*~tactically~*~*~ (stealth).
 15461 | Lair:3   | 15461 ||| Stepping ~*~*~tactically~*~*~ (stealth).
 15545 | Lair:3   | 15545 ||| INVOKING Berserk.
 15729 | Lair:3   | 15729 ||| Stepping ~*~*~tactically~*~*~ (stealth).
 15754 | Lair:3   | 15754 ||| Stepping ~*~*~tactically~*~*~ (stealth).
 15923 | Lair:3   | 15923 ||| Stepping ~*~*~tactically~*~*~ (stealth).
 15925 | Lair:3   | 15925 ||| INVOKING Berserk.
 15944 | Lair:3   | 15944 ||| Stepping ~*~*~tactically~*~*~ (stealth).
 16293 | Lair:3   | 16293 ||| Stepping ~*~*~tactically~*~*~ (stealth).
 16294 | Lair:3   | 16294 ||| Stepping ~*~*~tactically~*~*~ (stealth).
 16327 | Lair:3   | 16327 ||| DROPPING +2 hat.
 16328 | Lair:3   | 16328 ||| READING 2 scrolls of identify.
 16328 | Lair:3   | 16328 ||| IDENTIFYING silvery potion
 16391 | Lair:4   | 16391 ||| INVOKING Berserk.
 16404 | Lair:4   | Reached skill level 14 in Fighting
 16408 | Lair:4   | 16408 ||| Stepping ~*~*~tactically~*~*~ (cloud).
 16409 | Lair:4   | 16409 ||| Stepping ~*~*~tactically~*~*~ (cloud).
 16410 | Lair:4   | 16410 ||| Stepping ~*~*~tactically~*~*~ (cloud).
 16412 | Lair:4   | 16412 ||| Stepping ~*~*~tactically~*~*~ (cloud).
 16414 | Lair:4   | 16414 ||| Stepping ~*~*~tactically~*~*~ (cloud).
 16415 | Lair:4   | 16415 ||| Stepping ~*~*~tactically~*~*~ (cloud).
 16477 | Lair:4   | 16477 ||| READING scroll of enchant armour.
 16477 | Lair:4   | 16477 ||| ENCHANTING +0 pair of gloves.
 16510 | Lair:4   | 16510 ||| Stepping ~*~*~tactically~*~*~ (stealth).
 16511 | Lair:4   | 16511 ||| Stepping ~*~*~tactically~*~*~ (stealth).
 16524 | Lair:4   | 16524 ||| Stepping ~*~*~tactically~*~*~ (hiding).
 16563 | Lair:4   | Reached skill level 9 in Armour
 16571 | Lair:4   | 16571 ||| Stepping ~*~*~tactically~*~*~ (stealth).
 16661 | Lair:4   | 16661 ||| FLEEEEING.
 16665 | Lair:4   | 16665 ||| FLEEEEING.
 16668 | Lair:4   | 16668 ||| INVOKING Berserk.
 16714 | Lair:4   | 16714 ||| FLEEEEING.
 16715 | Lair:4   | 16715 ||| FLEEEEING.
 16716 | Lair:4   | 16716 ||| FLEEEEING.
 16721 | Lair:4   | 16721 ||| FLEEEEING.
 16723 | Lair:4   | 16723 ||| FLEEEEING.
 16724 | Lair:4   | 16724 ||| FLEEEEING.
 16725 | Lair:4   | 16725 ||| FLEEEEING.
 16730 | Lair:4   | 16730 ||| FLEEEEING.
 16731 | Lair:4   | 16731 ||| FLEEEEING.
 16732 | Lair:4   | 16732 ||| FLEEEEING.
 16733 | Lair:4   | 16733 ||| INVOKING Brothers in Arms.
 16734 | Lair:4   | 16734 ||| INVOKING Brothers in Arms.
 16735 | Lair:4   | 16735 ||| INVOKING Brothers in Arms.
 16736 | Lair:4   | 16736 ||| INVOKING Brothers in Arms.
 16737 | Lair:4   | 16737 ||| INVOKING Brothers in Arms.
 16738 | Lair:4   | 16738 ||| SWAPPING to +3 hand axe of flaming.
 16739 | Lair:4   | 16739 ||| INVOKING Berserk.
 16746 | Lair:4   | 16746 ||| SWAPPING to +9 war axe of the Hidden Vale
                  | {vorpal, Int+3 SInv}.
 16973 | Lair:4   | 16973 ||| Stepping ~*~*~tactically~*~*~ (cloud).
 16976 | Lair:4   | 16976 ||| Stepping ~*~*~tactically~*~*~ (stealth).
 16977 | Lair:4   | 16977 ||| Stepping ~*~*~tactically~*~*~ (stealth).
 16978 | Lair:4   | 16978 ||| Stepping ~*~*~tactically~*~*~ (hiding).
 16979 | Lair:4   | 16979 ||| Stepping ~*~*~tactically~*~*~ (hiding).
 16985 | Lair:4   | 16985 ||| Stepping ~*~*~tactically~*~*~ (cloud).
 16989 | Lair:4   | 16989 ||| INVOKING Berserk.
 17645 | Lair:4   | 17645 ||| READING scroll labelled QUWISCH YCZURUE.
 17685 | Lair:5   | Entered Level 5 of the Lair of Beasts
 17700 | Lair:5   | 17700 ||| INVOKING Berserk.
 17702 | Lair:5   | Reached skill level 6 in Throwing
 17706 | Lair:5   | Reached skill level 15 in Fighting
 17725 | Lair:5   | 17725 ||| FLEEEEING.
 17726 | Lair:5   | 17726 ||| FLEEEEING.
 17727 | Lair:5   | 17727 ||| STAIRDANCE
 17902 | Lair:5   | 17902 ||| Stepping ~*~*~tactically~*~*~ (stealth).
 17912 | Lair:5   | Reached XP level 14. HP: 135/135 MP: 13/13
 17955 | Lair:5   | Found a staircase to the Slime Pits.
 18029 | Lair:5   | 18029 ||| Stepping ~*~*~tactically~*~*~ (hiding).
 18030 | Lair:5   | 18030 ||| Stepping ~*~*~tactically~*~*~ (hiding).
 18041 | Lair:5   | 18041 ||| Stepping ~*~*~tactically~*~*~ (stealth).
 18097 | Lair:5   | Found a frozen archway.
 18116 | Lair:5   | 18116 ||| INVOKING Brothers in Arms.
 18118 | Lair:5   | 18118 ||| SWAPPING to +3 hand axe of flaming.
 18119 | Lair:5   | 18119 ||| INVOKING Berserk.
 18125 | Lair:5   | 18125 ||| SWAPPING to +9 war axe of the Hidden Vale
                  | {vorpal, Int+3 SInv}.
 18338 | Lair:5   | 18338 ||| Stepping ~*~*~tactically~*~*~ (stealth).
 18340 | Lair:5   | 18340 ||| Stepping ~*~*~tactically~*~*~ (stealth).
 18409 | Lair:5   | 18409 ||| Stepping ~*~*~tactically~*~*~ (hiding).
 18410 | Lair:5   | 18410 ||| Stepping ~*~*~tactically~*~*~ (hiding).
 18411 | Lair:5   | 18411 ||| Stepping ~*~*~tactically~*~*~ (hiding).
 18442 | Lair:5   | 18442 ||| INVOKING Berserk.
 18451 | Lair:5   | Reached skill level 15 in Shields
 18471 | Lair:5   | 18471 ||| Stepping ~*~*~tactically~*~*~ (stealth).
 18472 | Lair:5   | 18472 ||| Stepping ~*~*~tactically~*~*~ (stealth).
 18533 | Lair:5   | 18533 ||| Stepping ~*~*~tactically~*~*~ (stealth).
 18546 | Lair:5   | 18546 ||| Stepping ~*~*~tactically~*~*~ (stealth).
 18548 | Lair:5   | 18548 ||| Stepping ~*~*~tactically~*~*~ (stealth).
 18819 | Lair:5   | 18819 ||| Stepping ~*~*~tactically~*~*~ (hiding).
 18820 | Lair:5   | 18820 ||| Stepping ~*~*~tactically~*~*~ (hiding).
 18822 | Lair:5   | 18822 ||| Stepping ~*~*~tactically~*~*~ (hiding).
 18823 | Lair:5   | 18823 ||| Stepping ~*~*~tactically~*~*~ (hiding).
 18870 | Lair:5   | 18870 ||| Stepping ~*~*~tactically~*~*~ (stealth).
 18912 | Lair:5   | 18912 ||| Stepping ~*~*~tactically~*~*~ (stealth).
 18915 | Lair:5   | 18915 ||| Stepping ~*~*~tactically~*~*~ (hiding).
 18918 | Lair:5   | 18918 ||| Stepping ~*~*~tactically~*~*~ (stealth).
 18923 | Lair:5   | 18923 ||| INVOKING Berserk.
 18931 | Lair:5   | Reached skill level 16 in Fighting
 19051 | Lair:5   | 19051 ||| Stepping ~*~*~tactically~*~*~ (stealth).
 19056 | Lair:5   | 19056 ||| Stepping ~*~*~tactically~*~*~ (stealth).
 19060 | Lair:5   | 19060 ||| INVOKING Berserk.
 19075 | Lair:5   | 19075 ||| Stepping ~*~*~tactically~*~*~ (stealth).
 19159 | Lair:5   | 19159 ||| Stepping ~*~*~tactically~*~*~ (stealth).
 19160 | Lair:5   | 19160 ||| Stepping ~*~*~tactically~*~*~ (stealth).
 19169 | Lair:5   | 19169 ||| Stepping ~*~*~tactically~*~*~ (stealth).
 19238 | Lair:5   | 19238 ||| Stepping ~*~*~tactically~*~*~ (stealth).
 19243 | Lair:5   | 19243 ||| Stepping ~*~*~tactically~*~*~ (stealth).
 19295 | Lair:5   | 19295 ||| Stepping ~*~*~tactically~*~*~ (stealth).
 19736 | Lair:5   | 19736 ||| PLANNING D
 19736 | Lair:5   | 19736 ||| UPGRADING to +0 pair of boots.
 19741 | Lair:5   | 19741 ||| DROPPING ring of ice.
 19742 | Lair:5   | 19742 ||| UPGRADING to +4 ring of protection.
 19743 | Lair:5   | 19743 ||| DRINKING 2 yellow potions.
 19744 | Lair:5   | 19744 ||| READING 5 scrolls of identify.
 19744 | Lair:5   | 19744 ||| IDENTIFYING fizzy golden potion
 19745 | Lair:5   | 19745 ||| DROPPING potion of flight.
 19746 | Lair:5   | 19746 ||| DROPPING potion of attraction.
 19898 | D:12     | 19898 ||| Stepping ~*~*~tactically~*~*~ (hiding).
 20011 | D:12     | Identified the +7 broad axe of Uciremp {vorpal, rElec Str+3
                  | Stlth-} (Trog gifted it to you on level 12 of the Dungeon)
 20011 | D:12     | Received a gift from Trog
 20013 | D:12     | 20013 ||| SWAPPING to +7 broad axe of Uciremp {vorpal,
                  | rElec Str+3 Stlth-}.
 20014 | D:12     | 20014 ||| DROPPING +9 war axe of the Hidden Vale {vorpal,
                  | Int+3 SInv}.
 20061 | D:12     | Noticed Nessos
 20062 | D:12     | 20062 ||| INVOKING Brothers in Arms.
 20069 | D:12     | Killed Nessos
 20070 | D:12     | Found a staircase to the Orcish Mines.
 20301 | D:12     | 20301 ||| Stepping ~*~*~tactically~*~*~ (stealth).
 20319 | D:12     | 20319 ||| Stepping ~*~*~tactically~*~*~ (stealth).
 20494 | D:12     | 20494 ||| Stepping ~*~*~tactically~*~*~ (stealth).
 20581 | D:12     | 20581 ||| INVOKING Brothers in Arms.
 20584 | D:12     | 20584 ||| INVOKING Berserk.
 20702 | D:12     | 20702 ||| Stepping ~*~*~tactically~*~*~ (stealth).
 21079 | D:12     | 21079 ||| Stepping ~*~*~tactically~*~*~ (hiding).
 21079 | D:12     | Paralysed by a spriggan for 5 turns
 21091 | D:12     | 21091 ||| INVOKING Berserk.
 21207 | D:12     | Found a hazy altar of Hepliaklqana.
 21209 | D:12     | Found a faded altar of an unknown god.
 21215 | D:12     | 21215 ||| READING scroll labelled ZIUCIH ZOVVIA.
 21215 | D:12     | Identified a scroll of acquirement
 21215 | D:12     | 21215 ||| ACQUIRING +1 pair of gloves of the Good {+Blink
                  | rC- rN+}
 21215 | D:12     | Acquired the +1 pair of gloves of the Good {+Blink rC- rN+}
 21258 | D:13     | 21258 ||| Stepping ~*~*~tactically~*~*~ (hiding).
 21389 | D:13     | 21389 ||| INVOKING Brothers in Arms.
 21392 | D:13     | 21392 ||| INVOKING Berserk.
 21656 | D:13     | 21656 ||| Stepping ~*~*~tactically~*~*~ (stealth).
 21657 | D:13     | 21657 ||| INVOKING Berserk.
 21986 | D:13     | 21986 ||| INVOKING Brothers in Arms.
 21988 | D:13     | 21988 ||| INVOKING Berserk.
 21991 | D:13     | Reached XP level 15. HP: 145/145 MP: 14/14
 22150 | D:13     | Found Paabafimy's Armour Boutique.
 22177 | D:13     | 22177 ||| Stepping ~*~*~tactically~*~*~ (stealth).
 22179 | D:13     | 22179 ||| Stepping ~*~*~tactically~*~*~ (stealth).
 22182 | D:13     | 22182 ||| INVOKING Berserk.
 22343 | D:13     | Found a gate to the Vaults.
 22349 | D:13     | Reached skill level 18 in Axes
 22672 | D:13     | 22672 ||| Stepping ~*~*~tactically~*~*~ (cloud).
 22792 | D:13     | Found a runed translucent gate.
 22793 | D:13     | Found a runed translucent gate.
 22795 | D:13     | Found a runed translucent gate.
 22795 | D:13     | Noticed Liimbo's ghost (journeyman FoWn)
 23275 | D:13     | Found an iron altar of Okawaru.
 23378 | D:14     | Noticed a fire giant
 23379 | D:14     | Noticed a sphinx
 23380 | D:14     | 23380 ||| INVOKING Trog's Hand.
 23381 | D:14     | 23381 ||| INVOKING Berserk.
 23383 | D:14     | Killed a sphinx
 23384 | D:14     | Reached skill level 9 in Dodging
 23387 | D:14     | Killed a fire giant
 23501 | D:14     | Identified the +3 triple sword of the Incandescent
                  | {protect, rPois rN+++ Str-2 Dex+2}
 23502 | D:14     | Identified the +2 morningstar of Ashenzari's Hatred {flame,
                  | Str+4}
 23503 | D:14     | Identified the +9 trident of Hexkagafe {speed, Contam rN+
                  | Dex+8 SInv}
 23513 | D:14     | 23513 ||| Stepping ~*~*~tactically~*~*~ (stealth).
 23514 | D:14     | 23514 ||| Stepping ~*~*~tactically~*~*~ (stealth).
 23516 | D:14     | 23516 ||| Stepping ~*~*~tactically~*~*~ (hiding).
 23556 | D:14     | 23556 ||| Stepping ~*~*~tactically~*~*~ (stealth).
 23559 | D:14     | 23559 ||| Stepping ~*~*~tactically~*~*~ (hiding).
 23561 | D:14     | 23561 ||| Stepping ~*~*~tactically~*~*~ (hiding).
 23678 | D:14     | Noticed Agnes
 23680 | D:14     | 23680 ||| Stepping ~*~*~tactically~*~*~ (hiding).
 23681 | D:14     | 23681 ||| INVOKING Trog's Hand.
 23682 | D:14     | 23682 ||| INVOKING Berserk.
 23685 | D:14     | Killed Agnes
 23826 | D:14     | 23826 ||| Stepping ~*~*~tactically~*~*~ (stealth).
 23828 | D:14     | 23828 ||| Stepping ~*~*~tactically~*~*~ (stealth).
 23834 | D:14     | 23834 ||| INVOKING Berserk.
 23841 | D:14     | Reached skill level 17 in Fighting
 24162 | D:14     | 24162 ||| Stepping ~*~*~tactically~*~*~ (stealth).
 24165 | D:14     | 24165 ||| INVOKING Trog's Hand.
 24363 | D:14     | Found Liarphah's Weapon Emporium.
 24371 | D:14     | 24371 ||| Stepping ~*~*~tactically~*~*~ (cloud).
 24373 | D:14     | 24373 ||| Stepping ~*~*~tactically~*~*~ (cloud).
 24376 | D:14     | 24376 ||| Stepping ~*~*~tactically~*~*~ (cloud).
 24377 | D:14     | 24377 ||| Stepping ~*~*~tactically~*~*~ (cloud).
 24378 | D:14     | 24378 ||| Stepping ~*~*~tactically~*~*~ (cloud).
 24379 | D:14     | 24379 ||| Stepping ~*~*~tactically~*~*~ (cloud).
 24408 | D:14     | 24408 ||| BUYING +2 broad axe of flaming (345 gold).
 24408 | D:14     | Bought a +2 broad axe of flaming for 345 gold pieces
 24408 | D:14     | 24408 ||| DROPPING +3 hand axe of flaming.
 24652 | D:14     | 24652 ||| SWAPPING to +2 broad axe of flaming.
 24656 | D:14     | 24656 ||| SWAPPING to +7 broad axe of Uciremp {vorpal,
                  | rElec Str+3 Stlth-}.
 24673 | D:14     | 24673 ||| READING scroll labelled PUBLOHO KEPHUO.
 24686 | D:15     | Entered Level 15 of the Dungeon
 24759 | D:15     | Found a hide-covered altar of Uskayaw.
 24767 | D:15     | 24767 ||| Stepping ~*~*~tactically~*~*~ (hiding).
 24768 | D:15     | 24768 ||| Stepping ~*~*~tactically~*~*~ (hiding).
 25053 | D:15     | Found a stormy altar of Qazlal.
 25072 | D:15     | 25072 ||| Stepping ~*~*~tactically~*~*~ (stealth).
 25102 | D:15     | 25102 ||| INVOKING Berserk.
 25268 | D:15     | 25268 ||| Stepping ~*~*~tactically~*~*~ (stealth).
 25270 | D:15     | 25270 ||| Stepping ~*~*~tactically~*~*~ (stealth).
 25385 | D:15     | 25385 ||| Stepping ~*~*~tactically~*~*~ (hiding).
 25389 | D:15     | 25389 ||| INVOKING Berserk.
 25503 | D:15     | Found a staircase to the Depths.
 25557 | D:15     | 25557 ||| READING scroll of enchant armour.
 25557 | D:15     | 25557 ||| ENCHANTING +1 pair of gloves.
 25604 | D:15     | 25604 ||| Stepping ~*~*~tactically~*~*~ (stealth).
 25610 | D:15     | 25610 ||| Stepping ~*~*~tactically~*~*~ (hiding).
 25615 | D:15     | 25615 ||| INVOKING Trog's Hand.
 25616 | D:15     | 25616 ||| INVOKING Berserk.
 25724 | D:15     | 25724 ||| Stepping ~*~*~tactically~*~*~ (stealth).
 25886 | D:15     | Reached skill level 18 in Fighting
 26257 | D:15     | 26257 ||| PLANNING ORC
 26257 | D:15     | 26257 ||| DROPPING +1 pair of gloves of the Good {+Blink
                  | rC- rN+}.
 26258 | D:15     | 26258 ||| READING 2 scrolls labelled KENERROZIV.
 26259 | D:15     | 26259 ||| DROPPING scroll of amnesia.
 26360 | Orc:1    | Entered Level 1 of the Orcish Mines
 26463 | Orc:2    | Entered Level 2 of the Orcish Mines
 26504 | Orc:2    | Found a staircase to the Elven Halls.
 26534 | Orc:2    | Found an iron altar of Okawaru.
 26581 | Orc:2    | 26581 ||| Stepping ~*~*~tactically~*~*~ (hiding).
 26582 | Orc:2    | 26582 ||| Stepping ~*~*~tactically~*~*~ (hiding).
 26653 | Orc:2    | 26653 ||| Stepping ~*~*~tactically~*~*~ (hiding).
 26654 | Orc:2    | 26654 ||| Stepping ~*~*~tactically~*~*~ (hiding).
 26656 | Orc:2    | 26656 ||| INVOKING Berserk.
 26804 | Orc:2    | 26804 ||| Stepping ~*~*~tactically~*~*~ (stealth).
 26808 | Orc:2    | 26808 ||| DRINKING 6 potions of curing.
 26808 | Orc:2    | 26808 ||| (to cure confusion)
 26818 | Orc:2    | 26818 ||| INVOKING Berserk.
 26862 | Orc:2    | 26862 ||| FLEEEEING.
 26863 | Orc:2    | 26863 ||| FLEEEEING.
 26864 | Orc:2    | 26864 ||| FLEEEEING.
 26865 | Orc:2    | 26865 ||| FLEEEEING.
 26866 | Orc:2    | 26866 ||| FLEEEEING.
 26867 | Orc:2    | 26867 ||| FLEEEEING.
 26868 | Orc:2    | 26868 ||| FLEEEEING.
 26869 | Orc:2    | 26869 ||| FLEEEEING.
 26870 | Orc:2    | 26870 ||| FLEEEEING.
 26871 | Orc:2    | 26871 ||| FLEEEEING.
 26872 | Orc:2    | 26872 ||| FLEEEEING.
 26873 | Orc:2    | 26873 ||| FLEEEEING.
 26874 | Orc:2    | 26874 ||| FLEEEEING.
 26875 | Orc:2    | 26875 ||| FLEEEEING.
 26876 | Orc:2    | 26876 ||| FLEEEEING.
 26877 | Orc:2    | 26877 ||| FLEEEEING.
 26879 | Orc:2    | 26879 ||| FLEEEEING.
 26881 | Orc:2    | 26881 ||| FLEEEEING.
 26882 | Orc:2    | 26882 ||| FLEEEEING.
 26883 | Orc:2    | 26883 ||| FLEEEEING.
 26884 | Orc:2    | 26884 ||| FLEEEEING.
 26885 | Orc:2    | 26885 ||| FLEEEEING.
 26886 | Orc:2    | 26886 ||| STAIRDANCE
 27057 | Orc:2    | 27057 ||| Stepping ~*~*~tactically~*~*~ (stealth).
 27064 | Orc:2    | 27064 ||| Stepping ~*~*~tactically~*~*~ (hiding).
 27065 | Orc:2    | 27065 ||| Stepping ~*~*~tactically~*~*~ (hiding).
 27068 | Orc:2    | 27068 ||| INVOKING Berserk.
 27087 | Orc:2    | 27087 ||| INVOKING Trog's Hand.
 27088 | Orc:2    | 27088 ||| INVOKING Brothers in Arms.
 27094 | Orc:2    | Reached skill level 12 in Armour
 27098 | Orc:2    | 27098 ||| INVOKING Brothers in Arms.
 27102 | Orc:2    | HP: 21/149 [orc knight/+0 battleaxe (38)]
 27102 | Orc:2    | Received a gift from Trog
 27103 | Orc:2    | 27103 ||| READING 6 scrolls of teleportation.
 27104 | Orc:2    | 27104 ||| DRINKING 5 potions of heal wounds.
 27423 | Orc:2    | Found Fogic's Book Shoppe.
 27423 | Orc:2    | Found Vatromet's Weapon Shop.
 27425 | Orc:2    | Found Goodefro's Armour Shoppe.
 27425 | Orc:2    | Found Iptaceiw's Magic Scroll Shop.
 27434 | Orc:2    | 27434 ||| BUYING scroll of brand weapon (114 gold).
 27434 | Orc:2    | Bought a scroll of brand weapon for 114 gold pieces
 27434 | Orc:2    | 27434 ||| BUYING scroll of teleportation (36 gold).
 27434 | Orc:2    | Bought a scroll of teleportation for 36 gold pieces
 27434 | Orc:2    | 27434 ||| BUYING scroll of teleportation (36 gold).
 27434 | Orc:2    | Bought a scroll of teleportation for 36 gold pieces
 27434 | Orc:2    | 27434 ||| BUYING scroll of teleportation (36 gold).
 27434 | Orc:2    | Bought a scroll of teleportation for 36 gold pieces
 27563 | Orc:1    | Noticed Erolcha
 27564 | Orc:1    | 27564 ||| INVOKING Trog's Hand.
 27577 | Orc:1    | Killed Erolcha
 27592 | Orc:1    | Reached XP level 16. HP: 140/157 MP: 15/15
 27592 | Orc:1    | 27592 ||| Stepping ~*~*~tactically~*~*~ (hiding).
 27593 | Orc:1    | 27593 ||| Stepping ~*~*~tactically~*~*~ (hiding).
 27600 | Orc:1    | 27600 ||| Stepping ~*~*~tactically~*~*~ (hiding).
 27601 | Orc:1    | 27601 ||| Stepping ~*~*~tactically~*~*~ (hiding).
 27602 | Orc:1    | 27602 ||| Stepping ~*~*~tactically~*~*~ (hiding).
 27603 | Orc:1    | 27603 ||| Stepping ~*~*~tactically~*~*~ (hiding).
 27604 | Orc:1    | 27604 ||| Stepping ~*~*~tactically~*~*~ (hiding).
 27605 | Orc:1    | 27605 ||| Stepping ~*~*~tactically~*~*~ (hiding).
 27691 | Orc:1    | Found Cearr's Weapon Emporium.
 27699 | Orc:1    | 27699 ||| BUYING +3 broad axe of Stickiness {flame, *Slow
                  | rN+++ Will+ rCorr} (892 gold).
 27699 | Orc:1    | Bought the +3 broad axe of Stickiness {flame, *Slow rN+++
                  | Will+ rCorr} for 892 gold pieces
 28005 | Orc:1    | 28005 ||| PLANNING SNAKE:1-3
 28222 | Snake:1  | Entered Level 1 of the Snake Pit
 28273 | Snake:1  | 28273 ||| Stepping ~*~*~tactically~*~*~ (hiding).
 28419 | Snake:1  | Identified the +6 scale mail "Itoetir Gasu" {rN+ Dex+2}
 28510 | Snake:1  | 28510 ||| Stepping ~*~*~tactically~*~*~ (hiding).
 28548 | Snake:1  | 28548 ||| Stepping ~*~*~tactically~*~*~ (hiding).
 28557 | Snake:1  | 28557 ||| Stepping ~*~*~tactically~*~*~ (hiding).
 28564 | Snake:1  | 28564 ||| Stepping ~*~*~tactically~*~*~ (hiding).
 28565 | Snake:1  | 28565 ||| Stepping ~*~*~tactically~*~*~ (hiding).
 28573 | Snake:1  | Reached skill level 9 in Throwing
 28678 | Snake:1  | 28678 ||| Stepping ~*~*~tactically~*~*~ (hiding).
 28679 | Snake:1  | 28679 ||| Stepping ~*~*~tactically~*~*~ (hiding).
 28687 | Snake:1  | 28687 ||| Stepping ~*~*~tactically~*~*~ (stealth).
 28810 | Snake:1  | Found Ceomez's Antique Weapon Boutique.
 28820 | Snake:1  | 28820 ||| BUYING encrusted broad axe (288 gold).
 28820 | Snake:1  | Bought an encrusted broad axe for 288 gold pieces
 28820 | Snake:1  | Identified the +6 broad axe of Discomfort {flame, Int+3
                  | Dex+3} (You bought it in a shop on level 1 of the Snake
                  | Pit)
 28820 | Snake:1  | 28820 ||| DROPPING +3 broad axe of Stickiness {flame, *Slow
                  | rN+++ Will+ rCorr}.
 28821 | Snake:1  | 28821 ||| DROPPING +2 broad axe of flaming.
 28825 | Snake:1  | 28825 ||| Stepping ~*~*~tactically~*~*~ (hiding).
 29015 | Snake:1  | 29015 ||| Stepping ~*~*~tactically~*~*~ (hiding).
 29157 | Snake:1  | 29157 ||| Stepping ~*~*~tactically~*~*~ (stealth).
 29205 | Snake:2  | 29205 ||| STAIRDANCE
 29248 | Snake:2  | 29248 ||| Stepping ~*~*~tactically~*~*~ (hiding).
 29249 | Snake:2  | 29249 ||| Stepping ~*~*~tactically~*~*~ (hiding).
 29307 | Snake:2  | 29307 ||| READING scroll of enchant armour.
 29307 | Snake:2  | 29307 ||| ENCHANTING +0 pair of boots.
 29452 | Snake:2  | 29452 ||| Stepping ~*~*~tactically~*~*~ (hiding).
 29456 | Snake:2  | Noticed Aizul
 29458 | Snake:2  | 29458 ||| INVOKING Trog's Hand.
 29460 | Snake:2  | 29460 ||| INVOKING Berserk.
 29465 | Snake:2  | Killed Aizul
 29713 | Snake:2  | 29713 ||| Stepping ~*~*~tactically~*~*~ (stealth).
 29851 | Snake:2  | 29851 ||| Stepping ~*~*~tactically~*~*~ (hiding).
 30040 | Snake:2  | 30040 ||| Stepping ~*~*~tactically~*~*~ (hiding).
 30042 | Snake:2  | 30042 ||| Stepping ~*~*~tactically~*~*~ (hiding).
 30043 | Snake:2  | 30043 ||| INVOKING Berserk.
 30347 | Snake:2  | 30347 ||| UPGRADING to +0 kite shield of positive energy.
 30357 | Snake:2  | 30357 ||| DROPPING +0 kite shield.
 30358 | Snake:2  | 30358 ||| UPGRADING to amulet of the acrobat.
 30363 | Snake:2  | 30363 ||| DROPPING amulet of faith.
 30394 | Snake:3  | Found Neso's Antique Weapon Boutique.
 30407 | Snake:3  | Noticed Donald
 30408 | Snake:3  | 30408 ||| Stepping ~*~*~tactically~*~*~ (stealth).
 30415 | Snake:3  | 30415 ||| INVOKING Berserk.
 30417 | Snake:3  | Killed Donald
 30418 | Snake:3  | Reached skill level 19 in Fighting
 30459 | Snake:3  | 30459 ||| Stepping ~*~*~tactically~*~*~ (stealth).
 30620 | Snake:3  | 30620 ||| Stepping ~*~*~tactically~*~*~ (hiding).
 30637 | Snake:3  | 30637 ||| READING scroll of acquirement.
 30637 | Snake:3  | 30637 ||| ACQUIRING ring "Huduq" {rC+ Str+5 Int+6 Dex-4}
 30637 | Snake:3  | Acquired the ring "Huduq" {rC+ Str+5 Int+6 Dex-4}
 30639 | Snake:3  | 30639 ||| UPGRADING to ring "Huduq" {rC+ Str+5 Int+6
                  | Dex-4}.
 30642 | Snake:3  | 30642 ||| Stepping ~*~*~tactically~*~*~ (stealth).
 30644 | Snake:3  | 30644 ||| Stepping ~*~*~tactically~*~*~ (hiding).
 30648 | Snake:3  | 30648 ||| INVOKING Berserk.
 30715 | Snake:3  | 30715 ||| Stepping ~*~*~tactically~*~*~ (stealth).
 30718 | Snake:3  | 30718 ||| Stepping ~*~*~tactically~*~*~ (stealth).
 30720 | Snake:3  | 30720 ||| Stepping ~*~*~tactically~*~*~ (hiding).
 30729 | Snake:3  | 30729 ||| Stepping ~*~*~tactically~*~*~ (hiding).
 30842 | Snake:3  | 30842 ||| Stepping ~*~*~tactically~*~*~ (hiding).
 31134 | Snake:3  | Found Ihegou's Tremendous Tomes.
 31240 | Snake:3  | 31240 ||| INVOKING Berserk.
 31249 | Snake:3  | HP: 38/160 [poisoned by a guardian serpent (bolt of
                  | poison)]
 31250 | Snake:3  | 31250 ||| READING 10 scrolls of teleportation.
 31251 | Snake:3  | 31251 ||| DRINKING 5 potions of heal wounds.
 31667 | Snake:3  | 31667 ||| Stepping ~*~*~tactically~*~*~ (hiding).
 31669 | Snake:3  | 31669 ||| INVOKING Berserk.
 32200 | Snake:3  | 32200 ||| PLANNING SHOALS:1-3
 32200 | Snake:3  | 32200 ||| DROPPING scarf of repulsion.
 32327 | Shoals:1 | Entered Level 1 of the Shoals
 32332 | Shoals:1 | 32332 ||| INVOKING Berserk.
 32371 | Shoals:1 | HP: 39/161 [centaur warrior/arrow (8)]
 32372 | Shoals:1 | 32372 ||| READING 9 scrolls of teleportation.
 32373 | Shoals:1 | 32373 ||| DRINKING 4 potions of heal wounds.
 32377 | Shoals:1 | 32377 ||| INVOKING Berserk.
 32388 | Shoals:1 | 32388 ||| INVOKING Brothers in Arms.
 32757 | Shoals:1 | Noticed Josephine
 32770 | Shoals:1 | Killed Josephine
 32887 | Shoals:1 | Noticed Jorgrun
 32888 | Shoals:1 | 32888 ||| Stepping ~*~*~tactically~*~*~ (hiding).
 32891 | Shoals:1 | 32891 ||| INVOKING Brothers in Arms.
 32892 | Shoals:1 | 32892 ||| INVOKING Berserk.
 32895 | Shoals:1 | Reached skill level 20 in Fighting
 32902 | Shoals:1 | Killed Jorgrun
 33202 | Shoals:1 | 33202 ||| Stepping ~*~*~tactically~*~*~ (stealth).
 33204 | Shoals:1 | 33204 ||| Stepping ~*~*~tactically~*~*~ (stealth).
 33209 | Shoals:1 | 33209 ||| Stepping ~*~*~tactically~*~*~ (water).
 33214 | Shoals:1 | Reached XP level 17. HP: 133/170 MP: 16/16
 33214 | Shoals:1 | 33214 ||| Stepping ~*~*~tactically~*~*~ (cloud).
 33286 | Shoals:1 | 33286 ||| INVOKING Berserk.
 33579 | Shoals:1 | 33579 ||| INVOKING Brothers in Arms.
 33937 | Shoals:1 | 33937 ||| INVOKING Berserk.
 34154 | Shoals:1 | 34154 ||| UPGRADING to +2 kite shield of reflection.
 34164 | Shoals:1 | 34164 ||| DROPPING +0 kite shield of positive energy.
 34165 | Shoals:1 | 34165 ||| DROPPING ring of resist corrosion.
 34222 | Shoals:2 | 34222 ||| INVOKING Berserk.
 34234 | Shoals:2 | 34234 ||| INVOKING Trog's Hand.
 34234 | Shoals:2 | Noticed Nikola
 34235 | Shoals:2 | HP: 38/171 [merfolk javelineer/silver javelin (12)]
 34236 | Shoals:2 | 34236 ||| DRINKING 3 potions of heal wounds.
 34236 | Shoals:2 | HP: 14/171 [merfolk aquamancer/shard of ice (27)]
 34237 | Shoals:2 | 34237 ||| DRINKING 2 potions of heal wounds.
 34237 | Shoals:2 | Killed from afar by Nikola

Levels and vault maps discovered:
D:1:      saegor_arrival_simple_a, layout_loops_ring, minmay_misc_feat_rugged
D:2:      layout_basic
D:3:      layout_basic, chequers_jeans, uniq_grinder
D:4:      layout_cave_pools, nicolae_kikubaaqudgha_miasma_corner,
          minmay_surrounded, uniq_duvessa, uniq_eustachio, uniq_sigmund
D:5:      layout_basic, gammafunk_temple_overflow_arena,
          nicolae_ashenzari_panopticon, uniq_pikel
D:6:      layout_rooms, mainiacjoe_overflow_catwalk, temple_green,
          minmay_microvault
D:7:      cheibrodos_barr_body, layout_basic, gammafunk_ghost_nasty_kobolds,
          uniq_maggie
D:8:      layout_basic
D:9:      layout_roguey, uniq_erica
D:10:     layout_basic, zin_treasury, lemuel_doored_altar, dk_noncrumbling_2
D:11:     layout_basic, dpeg_oklobed_lair, uniq_grum, uniq_fannar
D:12:     layout_basic, david_orc_2, minmay_misc_feat_doors,
          beargit_hepliaklqana_dungeon_heroes, uniq_nessos
D:13:     layout_basic, david_vaults_5, serial_shops, nicolae_shop_trees,
          gammafunk_ghost_fury_of_okawaru
D:14:     layout_basic, grunt_decor_mini_mirrors, serial_shops,
          nicolae_shop_bloodbath_and_beyond, minmay_the_grid_2x2
          [minmay_the_grid_minigrid_large, minmay_the_grid_holed_spiral,
          minmay_the_grid_armoury, minmay_the_grid_prize_diamond_cup],
          uniq_agnes
D:15:     grunt_enter_depths_hoard, layout_layer_cave,
          nicolae_uskayaw_murder_on_the_dancefloor,
          nicolae_qazlal_style_of_elements
Lair:1:   gammafunk_indiana_jones, layout_chaotic_city, gammafunk_ghost_arena,
          beast_lair_carwin_11
Lair:2:   layout_cave_pods, minmay_shoals_entry_hut, special_room
          [special_room_bee], chequers_serial_rivers_micro_e,
          grunt_megastairs_4, infiniplex_staircase_pool_2
Lair:3:   layout_concentric_octagons, minmay_snake_entry_six_corridors,
          cheibrodos_lair_reptile_den
Lair:4:   layout_small_grid, st_stairs_5, wad_woods_road_05, grunt_megastairs_3,
          serial_bayou_shore_a
Lair:5:   hangedman_lair_tendril_chambers, layout_regular_city,
          hangedman_lair_caniforms_friends, minmay_slime_entry_pillars,
          portal_ice_cave_entry_pillars_2
Shoals:1: cheibrodos_shoals_three_sisters, layout_shoals,
          nicolae_shoals_shepherds, uniq_jorgrun, uniq_josephine
Shoals:2: layout_shoals, nicolae_shoals_undead_eyrie, uniq_nikola
Snake:1:  layout_onion, serial_shops, shop, drop_trap
Snake:2:  layout_misc_corridors, uniq_aizul
Snake:3:  layout_onion_interference, serial_shops, nicolae_stop_n_shop_1,
          st_stairs_10, nicolae_shop_i_like_big_books, grunt_megastairs_5,
          uniq_donald
Orc:1:    layout_caves, serial_shops, nicolae_diamond_shop, uniq_erolcha
Orc:2:    grunt_orc_tribal_feast, layout_diamond_mine, okawaru_metal_pillars_3

Skill      XL: |  1  2  3  4  5  6  7  8  9 10 11 12 13 14 15 16 |
---------------+-------------------------------------------------+-----
Axes           | 4 5 7 8 9 12 14 16 17 18 | 18.0
Fighting       | 6 8 9 10 13 15 16 18 20 | 20.3
Armour         | 3 4 5 7 8 9 10 12 13 | 13.0
Throwing       | 1 2 3 6 7 8 9 |  9.9
Dodging        | 3 4 6 7 8 9 10 | 10.0
Shields        | 11 13 14 15 16 17 | 17.9

Action                   |  1- 3 |  4- 6 |  7- 9 | 10-12 | 13-15 | 16-18 || total
-------------------------+-------+-------+-------+-------+-------+-------++-------
Melee: Hand axe          |    82 |    28 |       |     5 |     2 |       ||   117
       Headbutt          |     8 |    15 |    37 |    56 |   137 |    73 ||   326
       War axe           |       |    47 |   242 |   365 |   326 |       ||   980
       Punch             |       |       |     3 |     5 |       |       ||     8
       Broad axe         |       |       |       |       |   338 |   356 ||   694
Throw: Boomerang         |       |       |    51 |    92 |   124 |    23 ||   290
       Javelin           |       |       |       |       |    51 |    18 ||    69
Invok: Berserk           |     2 |     5 |    12 |    26 |    26 |    12 ||    83
       Trog's Hand       |       |     1 |       |       |     6 |     2 ||     9
       Brothers in Arms  |       |       |       |     2 |     8 |     3 ||    13
  Use: Scroll            |     5 |     2 |     6 |     7 |     9 |     4 ||    33
       Potion            |       |       |       |     8 |     3 |     4 ||    15
 Stab: Petrified         |       |       |       |       |     5 |       ||     5
Armor: Animal skin       |     8 |       |       |       |       |       ||     8
       Scale mail        |    11 |    14 |       |    61 |   258 |   181 ||   525
       Plate armour      |       |    17 |   149 |    65 |       |       ||   231
Dodge: Dodged            |    29 |    29 |    64 |    99 |   199 |   231 ||   651
Block: Kite shield       |       |       |       |    81 |   309 |   264 ||   654
       Reflection        |       |       |       |       |       |     1 ||     1

Table legend:
 A = Non-vault XP
 B = Vault XP
 C = Vault XP percentage of total XP
 D = Non-vault monster count
 E = Vault monster count
 F = Vault count percentage of total count
                 A         B        C        D         E       F
            +---------+---------+-------+---------+---------+-------
      Total |  147937 |   84279 |  36.3 |     637 |     298 |  31.9
            +---------+---------+-------+---------+---------+-------
        D:1 |      48 |       0 |   0.0 |      22 |       0 |   0.0
        D:2 |     120 |       0 |   0.0 |      28 |       0 |   0.0
        D:3 |     108 |     286 |  72.6 |      16 |       1 |   5.9
        D:4 |     529 |     683 |  56.4 |      28 |       6 |  17.6
        D:5 |     722 |     629 |  46.6 |      17 |       1 |   5.6
        D:6 |     809 |     209 |  20.5 |      31 |       1 |   3.1
        D:7 |    2193 |    1439 |  39.6 |      30 |      17 |  36.2
        D:8 |     693 |       0 |   0.0 |      21 |       0 |   0.0
        D:9 |    3189 |     821 |  20.5 |      28 |       1 |   3.4
       D:10 |    2235 |       0 |   0.0 |      16 |       0 |   0.0
       D:11 |    3033 |    1381 |  31.3 |      15 |       5 |  25.0
       D:12 |    6033 |    2321 |  27.8 |      20 |       9 |  31.0
       D:13 |   10489 |     856 |   7.5 |      20 |       1 |   4.8
       D:14 |    8395 |    7207 |  46.2 |      13 |       8 |  38.1
       D:15 |   16767 |    1781 |   9.6 |      42 |       2 |   4.5
     Lair:1 |    1983 |    1155 |  36.8 |      10 |       7 |  41.2
     Lair:2 |    7819 |    3771 |  32.5 |      25 |      29 |  53.7
     Lair:3 |    7669 |    3253 |  29.8 |      29 |      19 |  39.6
     Lair:4 |    9759 |    2178 |  18.2 |      32 |       8 |  20.0
     Lair:5 |   10461 |   20349 |  66.0 |      31 |      96 |  75.6
   Shoals:1 |   12855 |   15536 |  54.7 |      27 |      33 |  55.0
   Shoals:2 |    5165 |     908 |  15.0 |      11 |       3 |  21.4
    Snake:1 |   10128 |       0 |   0.0 |      23 |       0 |   0.0
    Snake:2 |   11472 |    1172 |   9.3 |      21 |       1 |   4.5
    Snake:3 |   11188 |    9970 |  47.1 |      25 |      19 |  43.2
      Orc:1 |     993 |     888 |  47.2 |      24 |       1 |   4.0
      Orc:2 |    3082 |    7486 |  70.8 |      32 |      30 |  48.4
            +---------+---------+-------+---------+---------+-------
